Map: Emerald City LE

Players

Azure

  • Race: Zerg Zerg
  • League: Diamond
  • Spawn Location: 5:00

Stephen

  • Race: Zerg Zerg
  • League: Master
  • Spawn Location: 5:00

llllllllllll

  • Race: Protoss Protoss
  • Spawn Location: 11:00

AbelitoGil

  • Race: Zerg Zerg
  • Spawn Location: 11:00

VOD

Have the link to the VOD?

Description

Time

  • Played on: Nov. 7, 2020, 2:32 a.m.
  • Length: 19:31
Show
View Real Time Build Order
Export as new Build Order

Azure Zerg 

Build Orders: Hatch First 

Get SALT Encoding   

  12  0:00  Drone  
  13  0:12  Overlord  
  13  0:17  Drone  
  14  0:31  Drone x2  
  16  0:54  Drone, Hatchery  
  16  0:56  Drone  
  17  1:00  Drone  
  18  1:11  Extractor  
  18  1:16  Spawning Pool  
  16  1:27  Drone x2  
  16  1:29  Drone  
  19  1:41  Drone  
  20  1:50  Overlord  
  20  2:04  Queen  
  20  2:05  Queen  
  20  2:08  Zergling x4  
  26  2:15  Zergling x2  
  27  2:17  Zergling x2  
  27  2:19  Metabolic Boost  
  28  2:41  Drone x3  
  28  2:42  Drone  
  32  2:45  Overlord  
  32  3:04  Zergling x4  
  32  3:05  Zergling x2  
  35  3:09  Zergling x2  
  36  3:17  Queen  
  36  3:18  Queen  
  40  3:20  Drone x2  
  40  3:21  Drone x2  
  43  3:36  Zergling x2  
  41  3:57  Drone  
  41  3:58  Drone, Overlord  
  41  3:59  Overlord x2  
  39  4:14  Lair  
  39  4:16  Overlord x2  
  38  4:17  Extractor  
  38  4:20  Drone x2  
  38  4:21  Drone  
  40  4:33  Zergling x4  
  40  4:38  Hatchery  
  41  5:06  Zergling x4  
  43  5:13  Spore Crawler  
  40  5:16  Drone  
  40  5:17  Drone x10  
  52  5:35  Drone x3  
  53  5:37  Queen  
  53  5:38  Queen  
  53  5:42  Spire  
  58  5:43  Extractor  
  58  5:44  Extractor  
  58  5:49  Overlord  
  56  5:51  Queen  
  56  5:52  Zergling x6  
  56  5:55  Zergling x2  
  57  6:42  Drone  
  57  6:43  Drone x16  
  57  6:44  Queen x2  
  57  6:45  Queen  
  74  7:02  Drone x3, Extractor  
  74  7:03  Drone  
  74  7:04  Drone x2  
  74  7:05  Overlord  
  79  7:10  Spore Crawler  
  79  7:15  Drone x3  
  81  7:16  Overlord  
  81  7:17  Overlord  
  81  7:42  Queen x3  
  81  7:44  Corruptor  
  81  7:45  Corruptor x9  
  81  7:49  Corruptor  
  99  7:55  Mutalisk x2  
  101  8:00  Extractor  
  100  8:08  Overlord x3  
  100  8:10  Overlord x2  
  100  8:15  Spore Crawler x2  
  100  8:17  Spore Crawler  
  97  8:25  Queen  
  89  8:41  Drone x2  
  89  8:42  Drone  
  89  8:47  Drone x3  
  95  8:49  Drone x2  
  95  8:52  Zerg Flyer Weapons Level 1  
  95  8:54  Hatchery  
  96  9:07  Corruptor  
  96  9:08  Corruptor x2  
  86  9:21  Zergling x6  
  86  9:22  Zergling x4  
  70  9:34  Mutalisk x7  
  70  9:35  Mutalisk x3  
  70  9:36  Drone  
  70  9:37  Drone x5  
  96  9:52  Mutalisk x2  
  96  10:05  Drone  
  96  10:06  Drone x3  
  99  10:25  Mutalisk x2  
  99  10:26  Mutalisk x2  
  95  10:29  Spine Crawler  
  95  10:32  Drone x3  
  95  10:33  Drone x3  
  70  11:19  Mutalisk x3  
  70  11:20  Mutalisk x3  
  78  11:28  Hatchery  
  74  11:36  Drone x3  
  74  11:37  Drone x3  
  80  11:40  Hatchery  
  79  11:55  Drone x3  
  79  11:56  Drone x2  
  79  12:00  Drone x4  
  88  12:03  Zerg Flyer Weapons Level 2  
  88  12:14  Evolution Chamber  
  87  12:23  Mutalisk x4  
  87  12:26  Drone  
  87  12:27  Drone x2  
  98  12:33  Mutalisk  
  100  12:39  Drone  
  100  12:40  Drone x3  
  100  12:43  Drone  
  100  12:44  Drone x3  
  102  13:05  Drone  
  102  13:06  Drone x3  
  102  13:08  Drone x3  
  106  13:17  Mutalisk x6  
  118  13:28  Spine Crawler  
  118  13:29  Drone x4  
  118  13:30  Spine Crawler, Spore Crawler  
  119  13:35  Spore Crawler  
  118  13:41  Drone x3  
  118  13:46  Spore Crawler  
  118  13:47  Spore Crawler  
  119  13:49  Spore Crawler  
  114  14:01  Mutalisk  
  114  14:02  Mutalisk x7  
  116  14:17  Mutalisk  
  116  14:18  Mutalisk  
  116  14:20  Zerg Flyer Armor Level 1  
  97  14:36  Mutalisk x2  
  97  14:37  Mutalisk  
  49  14:46  Queen x2  
  48  15:00  Mutalisk x2  
  48  15:01  Mutalisk  
  54  15:20  Infestation Pit  
  53  15:36  Hatchery  
  52  15:43  Mutalisk x11  
  52  15:47  Drone, Hatchery  
  52  15:48  Drone x2  
  38  16:43  Mutalisk x5  
  47  16:51  Queen  
  49  17:02  Zergling x6  
  52  17:09  Hive  
  52  17:15  Zerg Melee Weapons Level 1  
  50  17:18  Zergling x6  
  50  17:19  Zergling x8  
  35  17:58  Zergling x2  
  35  17:59  Zergling x10  
  35  18:04  Hatchery  
  40  18:16  Mutalisk x2  
  40  18:17  Spine Crawler  
  43  18:30  Mutalisk x2  
  43  18:31  Mutalisk  
  43  18:32  Mutalisk  
  51  18:46  Overseer, Hatchery  
Show
View Real Time Build Order
Export as new Build Order

Stephen Zerg 

Build Orders: Hatch First 

Get SALT Encoding   

  12  0:00  Drone  
  13  0:12  Overlord  
  13  0:17  Drone  
  14  0:31  Drone x2  
  16  0:49  Hatchery  
  15  0:51  Drone  
  15  0:54  Drone  
  17  1:01  Drone  
  18  1:12  Drone  
  19  1:22  Drone  
  20  1:27  Drone  
  21  1:33  Hatchery  
  21  1:38  Drone  
  21  1:50  Overlord  
  22  2:01  Drone  
  22  2:03  Drone  
  22  2:05  Hatchery  
  22  2:13  Drone x2  
  24  2:23  Drone  
  24  2:24  Drone  
  26  2:36  Hatchery  
  25  2:40  Spawning Pool  
  25  2:43  Drone  
  25  2:44  Drone  
  26  2:50  Drone x2  
  28  2:54  Drone  
  28  2:55  Drone  
  30  2:59  Drone  
  30  3:02  Drone  
  32  3:06  Drone  
  32  3:09  Extractor  
  32  3:10  Drone x2  
  34  3:15  Drone  
  34  3:16  Drone  
  34  3:17  Drone  
  34  3:18  Drone  
  38  3:28  Drone x3  
  38  3:29  Drone  
  38  3:30  Queen  
  38  3:32  Queen  
  46  3:38  Drone x2  
  46  3:39  Overlord x2  
  48  3:48  Queen  
  50  3:51  Drone x4  
  54  3:59  Extractor  
  54  4:00  Extractor  
  52  4:04  Drone x6  
  52  4:08  Queen x2  
  62  4:19  Overlord  
  62  4:21  Metabolic Boost  
  62  4:23  Overlord  
  62  4:25  Spine Crawler  
  62  4:26  Spine Crawler  
  62  4:27  Spine Crawler  
  59  4:37  Queen x2  
  63  4:40  Queen  
  59  4:49  Zergling x10  
  59  4:51  Overlord x2  
  53  5:03  Overlord  
  53  5:05  Queen  
  53  5:13  Zergling x32  
  66  5:25  Drone x5  
  67  5:30  Drone, Baneling Nest  
  67  5:31  Drone  
  56  5:53  Zergling x18  
  53  6:10  Drone x5  
  58  6:17  Overlord x2  
  58  6:18  Overlord x2  
  58  6:20  Lair  
  57  6:35  Queen  
  57  6:38  Drone x8  
  57  6:39  Drone x2  
  61  6:49  Drone x3  
  64  6:56  Drone x2  
  64  6:58  Queen  
  68  7:05  Overlord x2  
  68  7:08  Drone x2  
  70  7:11  Queen  
  67  7:24  Zergling x22  
  76  7:38  Spire  
  76  7:39  Spore Crawler, Extractor  
  76  7:40  Drone x5  
  76  7:42  Spore Crawler  
  63  7:56  Queen x2  
  67  8:15  Spore Crawler  
  67  8:18  Spore Crawler  
  59  8:31  Queen  
  59  8:32  Queen  
  60  8:36  Drone x13  
  67  8:56  Hatchery  
  67  8:58  Drone x2  
  68  9:06  Mutalisk  
  68  9:07  Mutalisk x5  
  80  9:14  Mutalisk x2  
  84  9:23  Overlord  
  84  9:24  Overlord x2  
  84  9:33  Infestation Pit  
  84  9:37  Zergling x4  
  77  9:55  Drone  
  77  9:56  Drone x4  
  82  10:07  Overlord  
  82  10:10  Hive  
  82  10:11  Drone x7  
  85  10:29  Queen x2  
  85  10:30  Baneling x2  
  85  10:33  Zergling x16  
  77  10:52  Drone x7  
  75  11:04  Queen  
  75  11:10  Extractor x2  
  74  11:13  Drone x5  
  74  11:17  Drone x5  
  84  11:33  Viper x4  
  84  11:37  Baneling  
  84  11:38  Baneling x7  
  96  12:00  Hatchery  
  95  12:10  Evolution Chamber x2  
  95  12:11  Drone x8  
  95  12:12  Drone x6  
  107  12:29  Spore Crawler x2  
  103  12:31  Queen, Spore Crawler  
  103  12:32  Spine Crawler x2  
  102  12:39  Viper x2  
  108  12:45  Spore Crawler x2  
  108  12:46  Zergling x24  
  118  13:05  Hatchery  
  117  13:14  Infestor x2  
  121  13:23  Extractor  
  121  13:24  Adrenal Glands, Extractor  
  121  13:26  Zerg Ground Armor Level 1, Zerg Melee Weapons Level 1  
  117  13:57  Baneling  
  117  13:58  Baneling x5  
  110  14:20  Queen  
  110  14:21  Queen x2  
  111  14:45  Zergling x2  
  112  14:46  Zergling x32  
  122  14:55  Corruptor x3  
  122  14:58  Overlord x6  
  128  15:15  Zerg Flyer Weapons Level 1  
  128  15:16  Overlord x2  
  128  15:20  Zerg Ground Armor Level 2, Zerg Melee Weapons Level 2  
  114  15:43  Hatchery  
  113  15:55  Hatchery, Corruptor x7  
  113  15:56  Corruptor x6  
  135  16:09  Corruptor  
  135  16:10  Corruptor x7  
  135  16:35  Viper  
  135  16:36  Viper x3  
  133  16:50  Queen  
  129  16:55  Zergling x2  
  129  16:56  Zergling x18  
  133  17:17  Baneling x6  
  129  17:31  Hatchery  
  111  17:38  Drone x10  
  120  17:51  Drone x5  
  117  18:07  Corruptor x3  
  117  18:10  Baneling  
  117  18:11  Baneling x10  
  123  18:17  Corruptor x3  
  129  18:31  Drone x3  
  131  18:40  Zergling x6, Extractor x2  
  131  18:54  Zergling x14  
  131  19:08  Baneling x5  
Show
View Real Time Build Order
Export as new Build Order

llllllllllll Protoss 

Build Orders: Carriers 

Get SALT Encoding   

  12  0:00  Probe  
  13  0:12  Probe  
  14  0:18  Pylon  
  14  0:24  Probe (Chrono Boost)  
  15  0:37  Probe (Chrono Boost)  
  15  0:42  Gateway  
  16  0:44  Probe (Chrono Boost)  
  17  0:51  Probe  
  17  0:54  Assimilator  
  18  0:57  Assimilator  
  18  1:14  Probe  
  19  1:26  Probe  
  20  1:35  Cybernetics Core  
  20  1:38  Probe, Pylon  
  21  1:50  Probe  
  22  1:59  Nexus  
  22  2:02  Probe  
  23  2:18  Probe, Stargate  
  23  2:22  Warp Gate  
  24  2:30  Adept  
  24  2:35  Pylon  
  25  2:38  Probe  
  26  2:50  Probe (Chrono Boost)  
  27  2:52  Void Ray (Chrono Boost)  
  27  3:01  Probe (Chrono Boost)  
  32  3:06  Probe (Chrono Boost)  
  32  3:07  Adept  
  32  3:11  Probe (Chrono Boost)  
  37  3:22  Probe (Chrono Boost)  
  37  3:23  Probe (Chrono Boost)  
  38  3:33  Void Ray  
  42  3:43  Probe x2  
  42  3:48  Stargate  
  44  3:54  Shield Battery  
  44  3:55  Probe x2  
  46  4:05  Pylon  
  46  4:07  Probe x2  
  48  4:14  Assimilator  
  48  4:19  Probe x2, Assimilator  
  50  4:30  Void Ray  
  51  4:31  Probe x2, Protoss Air Weapons Level 1  
  56  4:43  Probe x2  
  58  4:55  Probe x2  
  60  5:05  Void Ray (Chrono Boost)  
  60  5:12  Probe x2  
  62  5:16  Void Ray (Chrono Boost)  
  62  5:19  Nexus  
  62  5:21  Pylon  
  62  5:22  Pylon  
  62  5:35  Void Ray  
  62  5:39  Probe x2  
  68  5:46  Void Ray  
  68  5:51  Probe  
  73  6:00  Probe  
  73  6:03  Forge, Probe  
  75  6:08  Assimilator  
  75  6:09  Assimilator  
  75  6:12  Probe  
  76  6:19  Probe  
  76  6:22  Pylon  
  76  6:24  Probe, Void Ray x2, Pylon  
  78  6:31  Probe  
  85  6:39  Adept  
  87  6:45  Probe x2  
  89  6:59  Probe x3  
  92  7:01  Void Ray x2  
  92  7:04  Photon Cannon  
  92  7:05  Protoss Air Armor Level 1 (Chrono Boost)  
  92  7:07  Photon Cannon x2  
  100  7:09  Gateway  
  100  7:11  Probe x2  
  100  7:12  Shield Battery  
  102  7:16  Probe  
  103  7:23  Probe  
  103  7:25  Probe  
  103  7:29  Fleet Beacon  
  105  7:30  Stargate  
  105  7:34  Probe  
  105  7:35  Probe, Pylon  
  107  7:45  Void Ray x2  
  105  7:56  Adept  
  111  8:01  Photon Cannon  
  111  8:02  Pylon  
  111  8:07  Photon Cannon  
  111  8:22  Void Ray x2  
  103  8:35  Void Ray  
  103  8:37  Adept  
  103  8:38  Adept  
  97  8:41  Flux Vanes  
  97  8:44  Nexus  
  97  8:47  Probe  
  101  8:54  Probe x2  
  101  8:57  Pylon  
  101  8:59  Probe, Void Ray x2  
  102  9:05  Pylon  
  102  9:09  Probe, Protoss Shields Level 1  
  111  9:12  Void Ray  
  111  9:13  Probe, Pylon  
  116  9:28  Probe  
  117  9:32  Probe  
  117  9:34  Photon Cannon  
  117  9:36  Probe, Photon Cannon, Void Ray (Chrono Boost), Shield Battery  
  117  9:37  Shield Battery  
  119  9:38  Photon Cannon  
  119  9:41  Void Ray (Chrono Boost)  
  127  9:48  Probe  
  127  9:49  Protoss Air Weapons Level 2 (Chrono Boost)  
  128  10:02  Void Ray (Chrono Boost)  
  124  10:07  Probe x2  
  124  10:08  Probe x2  
  124  10:10  Assimilator, Void Ray (Chrono Boost)  
  124  10:14  Assimilator  
  132  10:19  Probe, Void Ray (Chrono Boost)  
  132  10:20  Probe  
  138  10:32  Void Ray  
  138  10:33  Nexus  
  138  10:35  Pylon  
  138  10:40  Void Ray  
  146  10:51  Void Ray  
  130  11:09  Void Ray  
  122  11:18  Void Ray  
  122  11:25  Probe x3  
  128  11:26  Probe  
  128  11:28  Void Ray  
  128  11:32  Pylon  
  126  11:33  Photon Cannon  
  126  11:35  Photon Cannon  
  126  11:37  Photon Cannon  
  126  11:39  Photon Cannon  
  130  11:40  Photon Cannon  
  130  11:42  Photon Cannon  
  130  11:44  Stargate  
  130  11:45  Shield Battery  
  130  11:46  Void Ray  
  130  11:48  Shield Battery, Assimilator  
  130  11:49  Pylon, Stargate  
  130  11:51  Photon Cannon, Pylon  
  130  11:52  Photon Cannon, Assimilator  
  134  11:55  Void Ray  
  134  11:56  Pylon  
  134  11:57  Shield Battery  
  138  12:01  Adept x2  
  138  12:03  Protoss Air Armor Level 2 (Chrono Boost)  
  138  12:05  Void Ray  
  146  12:23  Void Ray  
  146  12:27  Probe x2  
  146  12:28  Probe  
  146  12:29  Probe  
  154  12:32  Void Ray  
  154  12:33  Void Ray x2  
  154  12:39  Probe  
  154  12:42  Photon Cannon, Void Ray  
  154  12:44  Photon Cannon  
  167  12:47  Pylon  
  171  13:00  Void Ray  
  171  13:09  Void Ray  
  171  13:10  Void Ray x2  
  171  13:15  Probe x4  
  171  13:19  Void Ray  
  191  13:27  Probe x2  
  191  13:29  Protoss Ground Weapons Level 1  
  193  13:37  Forge, Twilight Council  
  193  13:40  Robotics Facility  
  193  13:43  Sentry x2  
  197  14:28  Protoss Air Weapons Level 3  
  183  14:31  Carrier x2 (Chrono Boost)  
  183  14:37  Carrier x2 (Chrono Boost)  
  181  14:41  Carrier (Chrono Boost)  
  169  14:52  Charge (Chrono Boost)  
  165  14:57  Gateway  
  161  15:00  Gateway  
  161  15:01  Templar Archives  
  161  15:04  Gateway x2  
  161  15:08  Gateway  
  161  15:09  Gateway  
  161  15:12  Pylon  
  161  15:15  Protoss Shields Level 2 (Chrono Boost)  
  161  15:17  Observer  
  162  15:24  Pylon  
  168  15:28  Carrier x2  
  168  15:29  Zealot x2  
  168  15:34  Carrier  
  184  15:38  Carrier  
  174  15:45  Photon Cannon  
  174  15:47  Photon Cannon x2  
  174  15:48  Pylon  
  174  15:50  Shield Battery  
  174  15:51  Carrier  
  174  15:52  High Templar x2  
  174  15:53  High Templar  
  174  15:56  High Templar  
  188  15:58  Psionic Storm  
  188  16:07  Protoss Ground Weapons Level 2 (Chrono Boost)  
  187  16:23  Pylon  
  165  16:35  Carrier x2  
  165  16:38  Zealot x4  
  165  16:39  Zealot x4  
  175  16:59  Zealot x5  
  175  17:00  Zealot x3  
  179  17:07  Nexus  
  173  17:09  Assimilator  
  173  17:13  Assimilator  
  167  17:16  Pylon  
  161  17:26  Zealot x2  
  161  17:27  Zealot x3  
  161  17:28  High Templar x3  
  171  17:35  Archon  
  167  17:42  Photon Cannon  
  156  17:45  Photon Cannon  
  156  17:47  Photon Cannon  
  156  17:48  Stalker  
  156  17:49  Shield Battery, Stalker x4  
  156  17:50  Shield Battery  
  132  18:00  Observer  
  131  18:10  High Templar x2  
  131  18:11  High Templar  
  131  18:12  High Templar  
  139  18:13  Probe x2  
  139  18:14  Probe  
  139  18:16  Archon x2  
  139  18:18  Zealot x4  
  150  18:37  Observer  
  150  18:42  Zealot x4  
  150  18:43  Zealot x3  
  142  18:59  Stalker  
  141  19:12  High Templar x4  
  141  19:14  High Templar x2  
  141  19:15  High Templar  
  155  19:17  Archon x3  
  152  19:24  Zealot  
Show
View Real Time Build Order
Export as new Build Order

AbelitoGil Zerg 

Build Orders: Hatch First 

Get SALT Encoding   

  12  0:02  Drone  
  13  0:13  Overlord  
  13  0:17  Drone  
  14  0:33  Drone x2  
  16  0:35  Drone  
  17  0:56  Drone, Hatchery  
  17  1:08  Extractor  
  16  1:12  Spawning Pool  
  16  1:14  Drone  
  16  1:19  Drone  
  16  1:24  Drone  
  18  1:29  Drone  
  19  1:45  Overlord  
  19  1:51  Drone  
  20  1:59  Queen  
  22  2:03  Drone  
  23  2:09  Drone  
  23  2:11  Drone  
  25  2:16  Queen  
  25  2:18  Metabolic Boost  
  27  2:24  Drone x2  
  27  2:29  Drone  
  30  2:46  Hatchery  
  30  2:47  Baneling Nest  
  30  2:49  Zergling x2  
  30  2:50  Zergling x2  
  30  2:56  Zergling x4  
  30  2:58  Drone  
  33  3:05  Queen  
  33  3:10  Zergling x2  
  36  3:23  Overlord  
  35  3:33  Zergling x2  
  36  3:35  Baneling x3  
  36  4:06  Zergling x2  
  36  4:07  Zergling x14  
  43  4:13  Zergling x4  
  45  4:17  Lair  
  45  4:23  Drone x3  
  45  4:24  Drone x2  
  50  4:26  Overlord  
  44  4:58  Zergling x18  
  44  4:59  Zergling x12  
  58  5:03  Overlord x2  
  57  5:17  Zergling x2  
  40  6:04  Zergling x4  
  40  6:05  Zergling x18  
  40  6:06  Zergling x10  
  40  6:07  Drone  
  40  6:10  Extractor x2  
  51  6:13  Extractor  
  51  6:14  Spire  
  49  6:25  Baneling x4  
  48  6:42  Drone  
  48  6:43  Drone x9  
  48  6:44  Drone x4  
  61  7:00  Drone x4  
  51  7:45  Mutalisk x3  
  51  7:46  Mutalisk x4  
  51  7:48  Zergling x2  
  51  7:49  Overlord x2  
  51  7:50  Overlord  
  66  7:53  Zerg Flyer Weapons Level 1  
  66  7:56  Extractor  
  66  7:57  Drone, Extractor  
  65  7:58  Overlord  
  65  7:59  Drone  
  66  8:10  Zergling x18  
  66  8:12  Hatchery  
  72  8:19  Zergling x4  
  67  8:49  Queen  
  69  9:01  Mutalisk x3  
  69  9:02  Mutalisk x3  
  59  9:46  Zergling x4  
  59  9:47  Zergling x20  
  59  9:48  Zergling x18  
  72  9:56  Spore Crawler  
  71  10:01  Spore Crawler  
  71  10:04  Spore Crawler  
  71  10:06  Spore Crawler x2  
  67  10:18  Corruptor x3  
  53  10:55  Corruptor x2  
  55  10:58  Overlord x4  
  55  11:03  Drone  
  49  11:14  Drone x6  
  49  11:15  Drone  
  49  11:16  Queen  
  58  11:32  Infestation Pit  
  57  11:36  Drone x2  
  57  11:37  Drone x10  
  57  11:38  Drone x2  
  71  11:45  Zergling x2  
  72  11:53  Spine Crawler, Spore Crawler  
  70  11:58  Drone x6  
  70  11:59  Spore Crawler  
  75  12:20  Drone  
  75  12:21  Drone x6  
  82  12:27  Overseer  
  82  12:30  Overseer  
  82  12:33  Pathogen Glands  
  82  12:36  Hive  
  82  12:40  Zergling x10  
  82  12:41  Zergling x2  
  88  12:44  Extractor  
  88  12:46  Extractor  
  88  12:48  Centrifical Hooks  
  86  12:59  Drone x2  
  86  13:00  Overlord x2  
  86  13:01  Overlord x4  
  88  13:32  Drone x5, Evolution Chamber  
  88  13:33  Drone x7, Evolution Chamber  
  94  13:50  Baneling x4  
  94  13:51  Baneling x2  
  94  13:53  Queen  
  87  14:08  Hatchery  
  87  14:09  Drone x8  
  93  14:10  Drone x2  
  93  14:14  Zerg Ground Armor Level 1  
  93  14:15  Zerg Melee Weapons Level 1  
  94  14:21  Greater Spire  
  94  14:22  Ultralisk Cavern  
  93  14:45  Spine Crawler  
  92  14:47  Spine Crawler  
  91  14:58  Drone x5  
  96  15:00  Adrenal Glands  
  96  15:08  Drone  
  96  15:09  Drone x7  
  104  15:15  Chitinous Plating  
  99  15:36  Zergling x2  
  99  15:37  Zergling x16  
  99  15:38  Zergling x14  
  113  15:47  Spine Crawler  
  101  16:10  Zergling x18  
  101  16:11  Zergling x10  
  108  16:17  Baneling x2  
  108  16:18  Baneling x2  
  108  16:24  Queen  
  110  16:27  Zerg Melee Weapons Level 2  
  110  16:28  Zerg Ground Armor Level 2  
  110  16:34  Anabolic Synthesis  
  110  17:07  Hatchery  
  109  17:19  Ultralisk x4  
  109  17:20  Overlord  
  109  17:21  Overlord x6  
  133  17:43  Corruptor  
  133  17:44  Corruptor x5  
  135  17:45  Overlord  
  135  17:47  Ultralisk x6  
  171  18:09  Baneling x5  
  171  18:10  Baneling x2  
  171  18:12  Ultralisk x3  
  189  18:16  Queen  
  191  18:44  Ultralisk  
  197  18:56  Drone x4, Extractor x2  
Tags
 
Add a new tag
Caveats
  • Supply blocks, unpowered buildings, or Contaminate may cause inaccurate times.
  • Supply counts are checked every 10 seconds.